 Dungeon Crawl Stone Soup version 0.23.0 (webtiles) character file.

Game seed: 10055700718367742565

330 Luthien the Conjurer (level 6, -9/33 HPs)
             Began as a Deep Elf Conjurer on Feb 17, 2019.
             Shot with an arrow by a centaur (17 damage)
             ... on level 4 of the Dungeon on Feb 18, 2019.
             The game lasted 00:40:33 (5197 turns).

Luthien the Conjurer (Deep Elf Conjurer)            Turns: 5197, Time: 00:40:34

Health: -9/33      AC:  3    Str:  5    XL:     6   Next: 26%
Magic:  10/16      EV: 12    Int: 22    God:
Gold:   174        SH:  0    Dex: 15    Spells: 15/16 levels left

rFire    . . .     SeeInvis .   r - +2 dagger (holy)
rCold    . . .     Gourm    .   (no shield)
rNeg     . . .     Faith    .   v - +0 leather armour
rPois    .         Spirit   .   (no helmet)
rElec    .         Reflect  .   (no cloak)
rCorr    .         Harm     .   (no gloves)
MR       .....                  (no boots)
Stlth    ++........             (no amulet)
HPRegen  0.11/turn              p - ring of flight
MPRegen  0.15/turn              (no ring)

@: no status effects
A: no striking features
a: Evoke Flight


You were on level 4 of the Dungeon.
You were near starving.

You visited 1 branch of the dungeon, and saw 4 of its levels.

You collected 174 gold pieces.

Inventory:

Hand Weapons
 r - a +2 dagger of holy wrath (weapon)
Armour
 a - a +0 robe
 g - a +0 robe
 l - a +0 robe
 v - a +0 leather armour (worn)
Jewellery
 f - an uncursed amulet of guardian spirit
 p - a ring of flight (left hand)
Scrolls
 b - 6 scrolls of identify {unknown}
 h - a scroll of remove curse {unknown}
 i - a scroll of random uselessness {unknown}
 m - 5 scrolls of teleportation {unknown}
 o - 2 scrolls of amnesia {unknown}
 s - a scroll of blinking {unknown}
 t - a scroll of noise {unknown}
Potions
 d - a potion of curing
 e - 2 potions of berserk rage {unknown}
 j - a potion of lignification {unknown}
 k - 2 potions of heal wounds {unknown}
 n - 2 potions of haste {unknown}
 q - a potion of flight {unknown}
 u - a potion of magic {unknown}
Comestibles
 c - 6 rations


   Skills:
 + Level 0.3 Fighting
 + Level 0.4 Armour
 + Level 2.8 Dodging
 + Level 3.1 Stealth
 + Level 5.9 Spellcasting
 + Level 6.5 Conjurations


You had 15 spell levels left.
You knew the following spells:

 Your Spells              Type           Power        Failure   Level  Hunger
a - Magic Dart            Conj           ####         1%          1    None

Your spell library contained the following spells:

 Spells                   Type           Power        Failure   Level  Hunger
 Searing Ray              Conj           #####.       1%          2    None
 Iskenderun's Mystic Bla  Conj           #####...     11%         4    ###....
 Dazzling Spray           Conj/Hex       ###...       12%         3    #......
 Force Lance              Conj/Tloc      ###.....     36%         4    ###....
 Fulminant Prism          Conj/Hex       ###.......   36%         4    ###....


Dungeon Overview and Level Annotations

Branches:
Dungeon (4/15)
 Temple: D:4-7

Altars:


Message History

Aim: an adder (almost dead)
The magic dart hits the adder.
You kill the adder!
The centaur shoots an arrow.
The arrow hits you!
Casting: Magic Dart (safe; 1% risk of failure)
Confirm with . or Enter, or press ? or * to list all spells.
Aiming: Magic Dart (safe; 1% risk of failure)
Press: ? - help, Shift-Dir - straight line, f - centaur
Aim: a centaur, wielding a -1 shortbow (heavily wounded)
The magic dart hits the centaur.
The centaur is severely wounded.
The centaur shoots an arrow.
The arrow hits you.
* * * LOW HITPOINT WARNING * * *
The centaur shoots an arrow.
The arrow hits you.
* * * LOW HITPOINT WARNING * * *
You see here an arrow.
It was a potion of curing.
You feel better.
The centaur shoots an arrow.
The arrow hits you!
Ouch! That really hurt!
You die...

##################
###@................
#.(.################
.......### ..c#### .


You could see a centaur.

Vanquished Creatures
  2 howler monkeys (D:4)
  An orc priest (D:3)
  Terence (D:2)
  An iguana (D:4)
  A worker ant (D:4)
  7 adders
  2 worms
  3 leopard geckos
  5 orcs
  2 ball pythons (D:1)
  3 giant cockroaches
  6 goblins
  11 hobgoblins
  6 kobolds
  A quokka (D:2)
  11 bats
  5 frilled lizards
  A leopard gecko skeleton (D:3)
  8 rats
77 creatures vanquished.

Notes
Turn   | Place    | Note
-------+----------+-------------------------------------------
     0 | D:1      | Luthien the Deep Elf Conjurer began the quest for the Orb.
     0 | D:1      | Reached XP level 1. HP: 10/10 MP: 6/6
   316 | D:1      | Reached XP level 2. HP: 14/15 MP: 0/8
   389 | D:2      | Reached skill level 5 in Conjurations
   807 | D:1      | Reached XP level 3. HP: 19/19 MP: 7/9
  1743 | D:2      | Reached XP level 4. HP: 24/24 MP: 7/12
  2358 | D:2      | Noticed Terence
  2367 | D:2      | Killed Terence
  3294 | D:3      | Reached XP level 5. HP: 28/28 MP: 8/14
  3653 | D:3      | Reached skill level 5 in Spellcasting
  4065 | D:4      | Reached skill level 6 in Conjurations
  4699 | D:3      | Reached XP level 6. HP: 19/32 MP: 8/16
  5197 | D:4      | Shot with an arrow by a centaur

Skill      XL: |  1  2  3  4  5 |
---------------+----------------+-----
Conjurations   | 5 6 |  6.5
Spellcasting   | 4 5 |  5.9
Stealth        | 3 |  3.1
Fighting       | |  0.3
Armour         | |  0.4
Dodging        | |  2.8

Action                   |  1- 3 |  4- 6 || total
-------------------------+-------+-------++-------
Melee: Unarmed           |    10 |     2 ||    12
 Cast: Magic Dart        |    72 |   127 ||   199
  Use: Potion            |       |     1 ||     1
  Eat: Chunk             |     2 |     9 ||    11
Armor: Robe              |       |     1 ||     1
       Leather armour    |       |     2 ||     2
Dodge: Dodged            |    12 |    26 ||    38
